 Dungeon Sprint DCSS version 0.20-a0-556-g892c87b (console) character file.

1717 sorlin the Grappler (level 9, -3/74 (75) HPs)
             Began as a Ghoul Necromancer on Feb 6, 2017.
             Was a High Priest of Kikubaaqudgha.
             Slain by a shadow wraith (19 damage)
             ... in the Dungeon (Sprint VII: "The Pits").
             The game lasted 00:13:07 (711 turns).

sorlin the Grappler (Ghoul Necromancer)              Turns: 711, Time: 00:13:07

HP:   -3/74 (75)    AC: 10    Str: 13    XL:     9   Next: 4%
MP:   6/10          EV: 14    Int: 14    God:    Kikubaaqudgha [*****.]
Gold: 0             SH:  0    Dex: 10    Spells: 2/11 levels left

rFire    . . .     SeeInvis .     - Unarmed
rCold    + . .     Gourm    .   r - +0 steam dragon scales
rNeg     + + +     Faith    .   (no shield)
rPois    ∞         Spirit   .   (no helmet)
rElec    .         Reflect  .   u - +0 cloak
rCorr    .         Harm     .   (no gloves)
MR       .....     NoTele   +   (no boots)
Stlth    ++........             (no amulet)
Regen    0.2/turn               s - +3 ring of protection
                                t - +3 ring of intelligence

@: rotting, slowed, very slow
A: rotting body, claws 1, carnivore 3, cold resistance 1, negative energy
resistance 3, slow regeneration 1, torment resistance, unbreathing
a: Receive Corpses, Torment, Renounce Religion


You were in the Dungeon.
You worshipped Kikubaaqudgha.
Kikubaaqudgha was extremely pleased with you.
You were not hungry.

You visited 1 branch


Innate Abilities, Weirdness & Mutations

Your body is rotting away.
You thrive on raw meat.
You are immune to poison.
You have sharp fingernails.
You are carnivorous and can eat meat at any time.
Your flesh is cold resistant. (rC+)
You are immune to negative energy. (rN+++)
You regenerate slowly when monsters are visible.
You are immune to unholy pain and torment.
You can survive without breathing.


   Skills:
 + Level 6.1 Fighting
 - Level 5.1 Armour
 - Level 6.5 Dodging
 - Level 2.1 Stealth
 + Level 13.1 Unarmed Combat
 - Level 1.7 Spellcasting
 - Level 5.0 Charms
 + Level 10.2 Necromancy


You had 2 spell levels left.
You knew the following spells:

 Your Spells              Type           Power        Failure   Level  Hunger
a - Pain                  Necr           ####         1%          1    ##.....
e - Dispel Undead         Necr           ####....     12%         5    ######.
z - Regeneration          Chrm/Necr      ###.......   3%          3    ####...

Inventory:

Armour
 a - a +0 robe
 p - a +3 ring mail
 q - a +3 chain mail
 r - +0 steam dragon scales (worn)
 u - a +0 cloak (worn)
Jewellery
 s - a +3 ring of protection (right claw)
 t - a +3 ring of intelligence (left claw)
Scrolls
 i - a scroll of blinking
 k - 3 scrolls of remove curse
 l - a scroll of summoning {!r}
 m - 5 scrolls of amnesia
Potions
 d - 9 potions of curing
 e - 10 potions of heal wounds {!q}
 g - 4 potions of magic {!q}
 h - 4 potions of berserk rage {!q}
 j - a potion of invisibility {!q}
 v - a potion of haste {!q}
 w - a potion of resistance {!q}
Books
 b - a book of Necromancy

   Spells                             Type                      Level
   a - Pain                           Necromancy                   1
   b - Animate Skeleton               Necromancy                   1
   c - Vampiric Draining              Necromancy                   3
   d - Regeneration                   Charms/Necromancy            3
   e - Animate Dead                   Necromancy                   4
   f - Control Undead                 Necromancy                   4
 f - Kikubaaqudgha's Incunabulum of Dark Rituals
   (Kikubaaqudgha gifted it to you in the Dungeon)

   Spells                             Type                      Level
   a - Excruciating Wounds            Charms/Necromancy            5
   b - Agony                          Necromancy                   5
   c - Cigotuvi's Embrace             Necromancy                   5
   d - Dispel Undead                  Necromancy                   5
   e - Death Channel                  Necromancy                   6
 o - Kikubaaqudgha's Catalogue of Stolen Souls
   (Kikubaaqudgha gifted it to you in the Dungeon)

   Spells                             Type                      Level
   a - Animate Skeleton               Necromancy                   1
   b - Pain                           Necromancy                   1
   c - Corpse Rot                     Necromancy                   2
   d - Regeneration                   Charms/Necromancy            3
   e - Control Undead                 Necromancy                   4
Comestibles
 c - 8 meat rations {!e}
 n - 13 chunks of flesh


Message History

As you close the door, it creaks loudly!
Something unseen opens the door.
As you close the door, it creaks loudly!
Something unseen opens the door.
You close the door.
Something unseen opens the door.
As you close the door, it creaks loudly!
Something unseen opens the door.
You close the door.
Something unseen opens the door.
You scratch the eye of draining.
The eye of draining is lightly wounded.
You claw the eye of draining!
The eye of draining is moderately wounded.
You claw the eye of draining!
The eye of draining is severely wounded.
You claw the eye of draining!
The eye of draining is almost dead.
You mangle the eye of draining!!
You kill the eye of draining!
Kikubaaqudgha accepts your kill.
Your Fighting skill increases to level 6!
You have reached level 9!
Your experience leads to an increase in your attributes!
Your base attributes are Str 13, Int 11, Dex 9.
Increase (S)trength, (I)ntelligence, or (D)exterity?
You feel agile.
Deactivating autopickup; reactivate with Ctrl-A.
You claw something! Something hits you! Something drains your vigour!
You feel yourself slow down.
You take 10 damage.
You scratch something. You claw something! Something hits you.
You take 1 damage.
You completely miss something. Something hits you!
Something drains your vigour!
You feel as though you will be slow longer.
You take 13 damage.
You closely miss something. Something hits you!!
* * * LOW HITPOINT WARNING * * *
Something drains your vigour!
You feel as though you will be slow longer.
You take 20 damage.
You scratch something but do no damage. Something hits you.
* * * LOW HITPOINT WARNING * * *
You take 2 damage.
You closely miss something. Something hits you.
* * * LOW HITPOINT WARNING * * *
You take 6 damage.
You closely miss something. Something hits you.
* * * LOW HITPOINT WARNING * * *
Something hits you!!
You die...
Kikubaaqudgha rasps: "You have failed me!
Welcome... oblivion!"

__________▓ __________▓
____▓▓▓▓▓'▓▓▓▓▓▓▓▓▓▓▓++▓▓▓▓▓▓
▓▓▓▓▓)))▓.▓▓................▓
%?(.')))'.▓▓......▓..▓......▓
▓▓▓▓▓▓▓▓▓.▓▓................+
...........'................+
'▓▓▓▓▓'▓▓▓▓▓......▓..▓......▓
.▓..▓..▓..▓▓................▓
(▓..'..▓))▓▓▓▓▓'▓▓▓▓▓G'▓▓▓▓▓▓
.▓..▓▓▓▓))▓▓....@..▓ ''▓
.▓..▓..▓))▓▓.......▓ ..G.
.▓(.▓..▓..▓▓.......▓ .....
.▓▓'▓..▓'▓▓▓...<...▓ .....▓
.▓..).....▓▓.......▓ ...▓▓▓
.▓........▓▓.......▓ ..▓▓
(▓▓▓▓▓▓▓▓▓▓▓.......▓
)......▓..▓▓▓▓▓▓▓▓▓▓
.▓▓▓...▓.▓▓▓▓▓▓▓▓▓▓▓
.▓.....▓)▓....▓..[[▓
.▓...▓.▓'▓....▓...[▓


There were no monsters in sight!

Vanquished Creatures
  A deep elf mage (D)
  Prince Ribbit (D)
  A flying skull (D)
  A fire bat (D)
  A steam dragon (D)
  A hungry ghost (D)
  An acid dragon (D)
  A floating eye (D)
  An eye of draining (D)
  A big kobold (D)
  2 orc wizards (D)
  Jessica (D)
  An iguana (D)
  2 worker ants (D)
  An ufetubus (D)
  2 oozes (D)
  An adder skeleton (D)
  A leopard gecko (D)
  4 orcs (D)
  A bat (D)
  2 jackals (D)
  A kobold (D)
  A ball python (D)
  A rat (D)
31 creatures vanquished.

Notes
Turn   | Place    | Note
-------+----------+-------------------------------------------
     0 | D        | sorlin the Ghoul Necromancer began the quest for the Orb.
     0 | D        | Reached XP level 1. HP: 14/14 MP: 2/2
     9 | D        | Noticed a floating eye
    14 | D        | Paralysed by a floating eye for 4 turns
    20 | D        | Killed a floating eye
    20 | D        | Reached skill level 5 in Fighting
    20 | D        | Reached skill level 7 in Unarmed Combat
    20 | D        | Reached XP level 2. HP: 29/29 MP: 3/3
    20 | D        | Reached XP level 3. HP: 36/36 MP: 4/4
    20 | D        | Reached XP level 4. HP: 42/42 MP: 5/5
    24 | D        | Found a radiant altar of Vehumet.
    24 | D        | Found a hide-covered altar of Uskayaw.
    24 | D        | Found an ancient bone altar of Kikubaaqudgha.
    24 | D        | Found a viscous altar of Jiyva.
    24 | D        | Found a hazy altar of Hepliaklqana.
    25 | D        | Found a bloodstained altar of Trog.
    25 | D        | Found a deep blue altar of Sif Muna.
    25 | D        | Found a sacrificial altar of Ru.
    25 | D        | Found a stormy altar of Qazlal.
    25 | D        | Found an iron altar of Okawaru.
    25 | D        | Found a sparkling altar of Nemelex Xobeh.
    25 | D        | Found an opulent altar of Gozag.
    25 | D        | Found a blossoming altar of Fedhas.
    25 | D        | Found a white marble altar of Elyvilon.
    25 | D        | Found a shadowy altar of Dithmenos.
    25 | D        | Found a snail-covered altar of Cheibriados.
    26 | D        | Found a glowing golden altar of the Shining One.
    26 | D        | Found a glowing silver altar of Zin.
    27 | D        | Found a burning altar of Makhleb.
    27 | D        | Found a basalt altar of Yredelemnul.
    27 | D        | Found a roughly hewn altar of Beogh.
    28 | D        | Found a corrupted altar of Lugonu.
    28 | D        | Found a shimmering altar of Xom.
    28 | D        | Found a shattered altar of Ashenzari.
    48 | D        | Became a worshipper of Kikubaaqudgha
    94 | D        | Learned a level 3 spell: Regeneration
   111 | D        | Reached * piety under Kikubaaqudgha
   111 | D        | Identified Kikubaaqudgha's Catalogue of Stolen Souls (Kikubaaqudgha gifted it to you in the Dungeon)
   111 | D        | Received a gift from Kikubaaqudgha
   111 | D        | Reached skill level 8 in Unarmed Combat
   132 | D        | Reached ** piety under Kikubaaqudgha
   135 | D        | Reached XP level 5. HP: 34/48 MP: 6/6
   138 | D        | Noticed a hungry ghost
   157 | D        | Reached skill level 1 in Charms
   349 | D        | Killed a hungry ghost
   349 | D        | Reached skill level 2 in Armour
   349 | D        | Reached skill level 10 in Unarmed Combat
   349 | D        | Reached skill level 3 in Charms
   349 | D        | Reached skill level 5 in Necromancy
   349 | D        | Reached XP level 6. HP: 57/57 MP: 7/7
   365 | D        | Noticed a flying skull
   378 | D        | Killed a flying skull
   378 | D        | Reached *** piety under Kikubaaqudgha
   378 | D        | Identified Kikubaaqudgha's Incunabulum of Dark Rituals (Kikubaaqudgha gifted it to you in the Dungeon)
   378 | D        | Received a gift from Kikubaaqudgha
   378 | D        | Reached skill level 4 in Armour
   378 | D        | Reached skill level 4 in Charms
   378 | D        | Reached skill level 6 in Necromancy
   378 | D        | Reached XP level 7. HP: 36/62 MP: 8/8
   388 | D        | Reached skill level 7 in Necromancy
   394 | D        | Noticed Jessica
   404 | D        | Learned a level 5 spell: Dispel Undead
   411 | D        | Killed Jessica
   411 | D        | Reached **** piety under Kikubaaqudgha
   411 | D        | Reached skill level 5 in Charms
   435 | D        | Reached skill level 11 in Unarmed Combat
   450 | D        | Reached skill level 5 in Armour
   463 | D        | Reached skill level 3 in Dodging
   467 | D        | Noticed a fire bat
   467 | D        | Noticed Prince Ribbit
   477 | D        | Reached ***** piety under Kikubaaqudgha
   477 | D        | Reached skill level 8 in Necromancy
   478 | D        | HP: 17/62 [Prince Ribbit (5)]
   481 | D        | HP: 1/62 [Prince Ribbit (9)]
   487 | D        | Killed Prince Ribbit
   487 | D        | Reached skill level 4 in Dodging
   487 | D        | Reached XP level 8. HP: 49/70 MP: 9/9
   500 | D        | Reached skill level 12 in Unarmed Combat
   500 | D        | Reached skill level 9 in Necromancy
   514 | D        | Noticed a deep elf mage
   529 | D        | Killed a deep elf mage
   529 | D        | Reached skill level 6 in Dodging
   551 | D        | Reached skill level 13 in Unarmed Combat
   551 | D        | Reached skill level 10 in Necromancy
   618 | D        | Got the +2 scimitar of the Endless Expanse {flame, *Noise rPois rF+ Int+4 Dex+3}
   704 | D        | Reached skill level 6 in Fighting
   704 | D        | Reached XP level 9. HP: 74/74 MP: 5/10
   710 | D        | HP: 22/74 [something (6)]
   711 | D        | Slain by a shadow wraith

Vault maps used:
D:        pitsprint

Action                   |  1- 3 |  4- 6 |  7- 9 || total
-------------------------+-------+-------+-------++-------
Melee: Unarmed           |     6 |    41 |   102 ||   149
       Punch             |       |     1 |     2 ||     3
 Cast: Pain              |       |     1 |       ||     1
       Regeneration      |       |       |     1 ||     1
  Use: Potion            |       |     1 |     3 ||     4
 Stab: Sleeping          |     1 |       |     1 ||     2
       Invisible         |       |       |     3 ||     3
  Eat: Chunk             |       |       |    11 ||    11
Armor: Robe              |       |     5 |       ||     5
       Ring mail         |       |     2 |    22 ||    24
Dodge: Dodged            |       |    23 |    51 ||    74
